 Dungeon Crawl Stone Soup version 0.29-a0-1027-gcd8c55af63 (webtiles) character file.

Game seed: 243952765291856914

270 Manisian the Conjurer (level 6, 24/24 HPs)
             Began as a Felid Hedge Wizard on Aug 13, 2022.
             Was an Initiate of Vehumet.
             Quit the game on level 6 of the Dungeon.
             The game lasted 00:15:20 (7419 turns).

Manisian the Conjurer (Felid Hedge Wizard)          Turns: 7419, Time: 00:15:21

Health: 24/24      AC:  2    Str:  6    XL:     6   Next: 1%
Magic:  13/13      EV: 18    Int: 17    God:    Vehumet [......]
Gold:   186        SH:  0    Dex: 16    Spells: 7/13 levels left
                                        Lives:  1   Deaths: 1

rFire   . . .      SeeInvis +   (weapon unavailable)
rCold   . . .      Faith    +   (shield unavailable)
rNeg    + . .      Spirit   .   (body armour unavailable)
rPois   .          Reflect  .   (helmet unavailable)
rElec   .          Harm     .   (cloak unavailable)
rCorr   .          Rampage  .   (gloves unavailable)
Will    .....                   (boots unavailable)
Stlth   ++........              o - amulet of faith
HPRegen 0.08/turn               d - ring of positive energy
MPRegen 0.13/turn               j - ring of flight

@: flying, quick
A: very small, claws 1, fangs 3, see invisible, speed 1, shaggy fur 2, stealthy
paws, no weapons or thrown items, no armour, multi-lived
a: Renounce Religion


You were on level 6 of the Dungeon.
You worshipped Vehumet.
Vehumet was noncommittal.
You visited 2 branches of the dungeon, and saw 7 of its levels.

You collected 186 gold pieces.

Inventory:

Jewellery
 d - a ring of positive energy (left paw)
 e - an amulet of magic regeneration
 j - a ring of flight (right paw)
 l - a ring of resist corrosion
 o - an amulet of faith (around neck)
Scrolls
 m - a scroll of teleportation
Potions
 a - 2 potions of magic
 c - 3 potions of mutation
 f - 3 potions of invisibility
 g - 2 potions of flight
 h - a potion of heal wounds
 i - a potion of might {unknown}
 k - a potion of attraction {unknown}
 p - a potion of lignification {unknown}
 q - 2 potions of cancellation


   Skills:
 - Level 3.2 Dodging
 - Level 2.9 Stealth
 - Level 4.0 Spellcasting
 + Level 5.8 Conjurations
 - Level 1.5 Hexes
 - Level 1.0 Summonings
 + Level 1.5 Translocations


You had 7 spell levels left.
You knew the following spells:

 Your Spells              Type           Power      Damage    Failure   Level
a - Magic Dart            Conj           92%        1d7       1%          1
b - Slow                  Hex            32%        N/A       9%          1
c - Blink                 Tloc           16%        N/A       13%         2
d - Searing Ray           Conj           46%        2d6       2%          2

Your spell library contained the following spells:

 Spells                   Type           Power      Damage    Failure   Level
 Conjure Flame            Conj/Fire      13%        6-21      14%         3
 Call Imp                 Summ           6%         N/A       16%         2
 Mephitic Cloud           Conj/Pois/Air  10%        N/A       22%         3
 Call Canine Familiar     Summ           6%         N/A       30%         3
 Fulminant Prism          Conj/Hex       8%         3d7       34%         4
 Leda's Liquefaction      Hex/Erth       3%         N/A       75%         4
 Portal Projectile        Hex/Tloc       Unusable   N/A       N/A         3

Dungeon Overview and Level Annotations

Branches:
Dungeon (6/15)             Temple (1/1) D:4

Altars:
Ashenzari
Cheibriados
Dithmenos
Elyvilon
Fedhas
Hepliaklqana
Nemelex Xobeh
Qazlal
Ru
Sif Muna
Trog
Uskayaw
Vehumet
Wu Jian
Xom
Yredelemnul
Zin
The Shining One

Shops:
D:4 =

Annotations:
D:5 exclusion: water moccasin
D:6 Sigmund


Innate Abilities, Weirdness & Mutations

You have sharp claws.
You have razor-sharp teeth.
You have supernaturally acute eyesight. (SInv)
You cover ground quickly. (Speed+)
You are covered in thick fur. (AC +2)
Your paws help you pounce on unaware monsters.
You are incapable of wielding weapons or throwing items.
You cannot wear armour.
You gain extra lives every three experience levels.


Message History

HP restored.
Partly explored, can't reach some items and places.
Partly explored, can't reach some items and places.
Partly explored, can't reach some items and places.
As you read the scroll of identify, it crumbles to dust.
h - a potion of heal wounds
As you read the scroll of identify, it crumbles to dust.
q - 2 potions of cancellation
There is a stone staircase leading down here.
You fly downwards.
Level annotation: Sigmund The wight completely misses you.
The wight hits you with a +0 great sword!
There is a stone staircase leading up, spattered with blood here.
The wight completely misses you.
Casting: Searing Ray (safe; 2% risk of failure)
Confirm with . or Enter, or press ? or * to list all spells.
Aiming: Slow (safe; 9% risk of failure)
Press: ? - help, Shift-Dir - straight line, f - wight
Aim: a wight, wielding a +0 great sword and wearing a +0 robe (chance to affect: 46%)
The wight seems to slow down.
Casting: Slow (safe; 9% risk of failure)
Confirm with . or Enter, or press ? or * to list all spells.
Aiming: Searing Ray (safe; 2% risk of failure)
Press: ? - help, Shift-Dir - straight line, f/p - wight
Aim: a wight, wielding a +0 great sword and wearing a +0 robe (slow, 78% to hit)
The searing ray misses the wight. (Press . to maintain the ray.)
The searing ray hits the wight.
The wight is moderately damaged.
The wight hits you with a +0 great sword!!
Ouch! That really hurt!
* * * LOW HITPOINT WARNING * * *
You partially resist.
You feel drained.
You die...
You are now level 6!
You rejoin the land of the living...
Unknown command.
Unknown command.
Are you sure you want to abandon this character and quit the game? (Confirm with "yes".)

......# ... .......
...............
.......#...............
......................#
.........#...........#
.........###.........#
..........# #.......
........@.#
#....#######
..........#
#...........
..........#
#...######>.
..........####..## #...
...........##...###
##.<.
...........[......#
#....
........###...###.#
#.... ........# #...#
#.# #.z..
........###...###.#
#.†..


There were no monsters in sight!

Vanquished Creatures
  A phantom (D:5)
  A necrophage (D:5)
  A scorpion (D:5)
  A wight (D:6)
  2 crimson imps (D:5)
  2 jellies
  An iguana (D:5)
  4 adders
  2 shadow imps (D:5)
  A white imp (D:6)
  3 orcs
  3 endoplasms
  4 giant cockroaches
  7 goblins
  4 hobgoblins
  3 jackals (D:3)
  5 quokkas
  5 ball pythons
  6 bats
  4 frilled lizards
  5 kobolds
  4 rats
69 creatures vanquished.

Notes
Turn   | Place    | Note
-------+----------+-------------------------------------------
     0 | D:1      | Manisian the Felid Hedge Wizard began the quest for the
                  | Orb.
     0 | D:1      | Reached XP level 1. HP: 7/7 MP: 5/5
     2 | D:1      | Learned a level 1 spell: Slow
   155 | D:1      | Found a faded altar of an unknown god.
   497 | D:1      | Reached skill level 1 in Conjurations
   497 | D:1      | Reached XP level 2. HP: 6/11 MP: 1/7
   500 | D:1      | Learned a level 2 spell: Blink
   720 | D:1      | Reached skill level 1 in Hexes
  1284 | D:1      | Learned a level 2 spell: Searing Ray
  1417 | D:2      | Reached XP level 3. HP: 14/14 MP: 7/9
  1694 | D:2      | Reached XP level 4. HP: 3/18 MP: 6/11
  2698 | D:3      | Found a hazy altar of Hepliaklqana.
  3095 | D:3      | Reached skill level 2 in Conjurations
  3490 | D:3      | Found a bloodstained altar of Trog.
  3530 | D:3      | Found a shadowy altar of Dithmenos.
  3607 | D:4      | Found a staircase to the Ecumenical Temple.
  3612 | Temple   | Entered the Ecumenical Temple
  3648 | Temple   | Became a worshipper of Vehumet
  3811 | D:4      | Found Tusyniceatz's Jewellery Shop.
  4160 | D:4      | Noticed a scorpion
  4350 | D:4      | Found a shimmering blue altar of Sif Muna.
  4816 | D:4      | Found a glowing silver altar of Zin.
  5138 | D:5      | Entered Level 5 of the Dungeon
  5296 | D:5      | Reached skill level 3 in Conjurations
  5296 | D:5      | Reached XP level 5. HP: 21/21 MP: 0/12
  5533 | D:5      | Reached skill level 4 in Conjurations
  5613 | D:5      | Noticed a water moccasin
  5656 | D:5      | Gained mutation: You are covered in thick fur. (AC +2)
                  | [Felid growth]
  5656 | D:5      | Reached XP level 6. HP: 11/24 MP: 0/13
  5840 | D:5      | Found a shimmering altar of Xom.
  5858 | D:5      | Reached skill level 5 in Conjurations
  6418 | D:6      | Noticed Sigmund
  7190 | D:5      | Reached XP level 7. HP: 7/27 MP: 5/14
  7418 | D:6      | HP: 1/27 [wight/+0 great sword (20)]
  7418 | D:6      | Slain by a wight
  7419 | D:6      | Reached XP level 6. HP: -3/22 MP: 10/13
  7419 | D:6      | Quit the game

Illustrated notes

Levels and vault maps discovered:
D:1:      elethiomel_arrival_maze, layout_basic,
          chequers_ecumenical_altar_island, nicolae_hexahallways,
          reono_crystal_passage
D:2:      kb_forest_paths, layout_basic
D:3:      layout_basic, general_overflow_altar, mainiacjoe_overflow_alcove_4,
          mainiacjoe_overflow_concentric_impassable, serial_glass,
          glass_columns_a, glass_columns_b
D:4:      layout_gridville, mainiacjoe_overflow_boulevard, zin_treasury,
          temple_fountains, serial_shops, shop
D:5:      layout_cave_pools, led_xom_imps
D:6:      layout_cave_pods, lemuel_crystal_altar, serial_shops,
          nicolae_shop_bloodbath_and_beyond, minivault_23,
          minmay_misc_feat_cross, uniq_maggie, uniq_pikel, uniq_sigmund
Temple:   hellmonk_temple_two_chambers

Skill      XL: |  1  2  3  4  5  6 |
---------------+-------------------+-----
Dodging        | 3 |  3.2
Conjurations   | 1 3 4 5 |  5.8
Hexes          | 1 |  1.5
Spellcasting   | 4 |  4.0
Stealth        | |  2.9
Summonings     | |  1.0
Translocations | |  1.5

Action                   |  1- 3 |  4- 6 |  7- 9 || total
-------------------------+-------+-------+-------++-------
Melee: Unarmed           |    10 |       |       ||    10
       Bite              |     1 |       |       ||     1
 Cast: Magic Dart        |    76 |    82 |       ||   158
       Slow              |     7 |    19 |     1 ||    27
       Searing Ray       |     2 |    27 |     1 ||    30
  Use: Scroll            |     5 |    10 |     2 ||    17
       Potion            |       |     2 |       ||     2
Armor: Skin              |     2 |     2 |       ||     4
Dodge: Dodged            |    19 |    54 |     2 ||    75

Table legend: (Time is in decaauts)
 A = Elapsed time spent in this place.
 B = Non-inter-level travel time spent in this place.
 C = Inter-level travel time spent in this place.
 D = Time resting spent in this place.
 E = Time spent auto-exploring this place.
 F = Levels seen in this place.
 G = Mean time per level.
                   A        B        C        D        E       F      G
               +--------+--------+--------+--------+--------+-----+--------+
         Total |   6583 |   6238 |    345 |   2127 |   3265 |   7 |  940.4 |
       Dungeon |   6548 |   6225 |    323 |   2127 |   3257 |   6 | 1091.3 |
        Temple |     34 |     12 |     22 |      0 |      8 |   1 |   34.0 |
               +--------+--------+--------+--------+--------+-----+--------+

Top non-repeatable levels by time:
     D:3: 1512 daAuts
     D:5: 1282 daAuts
     D:2: 1182 daAuts
     D:4: 1152 daAuts
     D:1: 1144 daAuts
     D:6: 275 daAuts
  Temple: 34 daAuts
